Sabres vs Predators
(R1)
Created - 26 novembre 2012 at 19:05
Goals
|
| Sabres |
1 |
2 |
2 |
5 |
| Predators |
0 |
1 |
0 |
1 |
|
Shots
|
| Sabres |
7 |
12 |
11 |
30 |
| Predators |
5 |
14 |
10 |
29 |
|
1st period
1. Sabres , Paul Gaustad 2 (Daniel Briere, Andreas Johansson) at 17:28 (PP)
Penalties :
Markus Naslund (Buf) for Hooking (Minor) at 1:36, Dave Tanabe (Buf) for Holding Stick (Minor) at 6:54, Chris Simon (Nas) for Slashing (Minor) at 12:36, Oleg Saprykin (Nas) for Elbowing (Minor) at 16:25, Jean-Pierre Dumont (Nas) for Slashing (Minor) at 17:35
2nd period
2. Sabres , Daniel Cleary 1 (Markus Naslund, Mats Sundin) at 1:22
3. Predators , Kent Huskins 2 (Jean-Pierre Dumont, Mike Ribeiro) at 16:52
4. Sabres , Paul Gaustad 3 (Mats Sundin, Andreas Johansson) at 18:57 (PP)
Penalties :
Daniel Briere (Buf) for Hooking (Minor) at 5:56, Joe Thornton (Nas) for Roughing (Minor) at 8:58, Barret Jackman (Nas) for Hooking (Minor) at 14:51, Ladislav Nagy (Buf) for Tripping (Minor) at 14:51, Jeff Schultz (Nas) for Cross-checking (Minor) at 18:27, Mike Sillinger (Nas) for Hooking (Minor) at 19:58
3rd period
5. Sabres , Daniel Cleary 2 (Mattias Timander, Brendan Morrison) at 3:26
6. Sabres , Daniel Briere 1 (Brendan Morrison, Martin Sonnenberg) at 10:59
Penalties :
Chris Simon (Nas) for Fighting (Major) at 11:39, Markus Naslund (Buf) for Fighting (Major) at 11:39, Mikael Samuelsson (Nas) for Hooking (Minor) at 12:15, Niclas Bergfors (Buf) for Tripping (Minor) at 19:43
Goalie Stats
Niklas Backstrom (Buf), 28 saves from 29 shots - (0,966), W, 1-4-1, 60:00 minutes
Rick DiPietro (Nas), 25 saves from 30 shots - (0,833), L, 1-4-0, 60:00 minutes
Players Stats for Sabres
Player Name G A P +/- PIM S H SB GA TA FO MP PP MP PK MP
------------------------------------------------------------------------------------
Andreas Johansson 0 2 2 0 0 0 0 1 1 1 0/0 15:11 5:41 0:47
Boyd Devereaux 0 0 0 0 0 0 0 0 0 1 7/14 10:37 0:00 3:21
Brendan Morrison 0 2 2 2 0 2 4 0 0 0 7/18 19:02 5:41 0:00
Daniel Briere 1 1 2 0 2 5 1 0 1 0 0/1 20:34 6:03 0:00
Daniel Cleary 2 0 2 2 0 3 1 0 0 0 0/1 15:41 0:00 2:05
Dave Tanabe 0 0 0 0 2 0 1 0 0 0 0/0 19:46 5:11 0:00
Ladislav Nagy 0 0 0 -1 2 3 0 0 0 0 0/0 8:26 1:09 0:00
Ladislav Smid 0 0 0 2 0 1 0 0 0 1 0/0 12:35 0:00 2:04
Markus Naslund 0 1 1 1 7 1 2 0 0 0 0/2 17:45 4:42 0:56
Martin Sonnenberg 0 1 1 2 0 0 1 0 1 0 0/1 12:34 0:12 0:00
Mats Sundin 0 2 2 0 0 0 2 2 0 0 7/19 19:32 5:41 0:00
Mattias Timander 0 1 1 2 0 1 0 0 0 1 0/0 14:39 0:00 4:09
Michal Rozsival 0 0 0 0 0 2 2 0 2 0 0/0 23:40 5:25 2:04
Niclas Bergfors 0 0 0 0 2 3 1 0 0 0 2/2 13:34 5:47 0:00
Niclas Havelid 0 0 0 0 0 0 1 1 0 0 0/0 21:41 6:03 0:00
Niklas Sundstrom 0 0 0 0 0 5 1 0 0 0 0/0 10:28 0:00 3:12
Ole-Kristian Tollefsen 0 0 0 0 0 1 3 1 0 0 0/0 20:27 0:14 4:09
Paul Gaustad 2 0 2 0 0 3 2 0 0 0 6/11 15:30 5:31 2:05
Players Stats for Predators
Player Name G A P +/- PIM S H SB GA TA FO MP PP MP PK MP
------------------------------------------------------------------------------------
Adrian Aucoin 0 0 0 -2 0 2 1 1 1 1 0/0 28:38 3:44 6:24
Alexander Ovechkin 0 0 0 -2 0 6 1 2 2 0 9/19 25:45 3:16 6:49
Antti Laaksonen 0 0 0 0 0 0 2 0 0 0 0/0 10:03 0:00 3:34
Barret Jackman 0 0 0 0 2 0 0 2 0 0 0/0 20:33 2:29 5:04
Chris Simon 0 0 0 -1 7 0 1 0 0 0 1/1 12:55 2:37 0:28
Jean-Pierre Dumont 0 1 1 -1 2 1 2 0 0 1 0/1 19:30 3:15 1:22
Jeff Schultz 0 0 0 0 2 1 0 1 0 0 0/0 9:51 0:00 0:00
Joe Thornton 0 0 0 -1 2 1 0 0 0 0 11/18 15:20 3:00 3:14
Kent Huskins 1 0 1 0 0 4 0 2 0 0 0/0 21:30 2:29 5:04
Mariusz Czerkawski 0 0 0 0 0 3 2 0 0 0 0/0 8:45 0:20 0:00
Mikael Samuelsson 0 0 0 -1 2 3 1 0 0 0 0/0 13:37 2:37 0:00
Mike Ribeiro 0 1 1 0 0 1 0 0 0 0 7/10 17:03 2:37 2:57
Mike Sillinger 0 0 0 -1 2 3 0 2 0 0 10/16 14:53 0:37 0:07
Oleg Saprykin 0 0 0 0 2 1 2 1 0 0 0/0 10:36 0:20 0:12
Paul Mara 0 0 0 1 0 1 1 0 0 0 0/0 10:50 0:00 0:00
Richard Park 0 0 0 0 0 0 0 0 0 0 1/1 6:27 0:00 0:00
Robyn Regehr 0 0 0 -2 0 1 0 0 1 2 0/0 28:38 3:44 6:24
Todd White 0 0 0 0 0 1 0 0 0 1 1/3 11:30 0:00 4:13
3 Stars
1 - Daniel Cleary (Buf)
2 - Paul Gaustad (Buf)
3 - Brendan Morrison (Buf)
Power Play
Sabres - 2 on 7 Attempt(s) - 28,57%
Predators - 0 on 4 Attempt(s) - 0,00%
Penalty Kill
Sabres - 4 on 4 Attempt(s) - 100,00%
- Score 0 goal in Penalty Kill
Predators - 5 on 7 Attempt(s) - 71,43%
- Score 0 goal in Penalty Kill
Official
Referees : Pochmara Brian and O'Rourke Dan
Linesman : Bryan Pancich and Michel Cormier
Game Notes
Joe Thornton is injured at 19:02 of 2nd period (Right Hip)
Chris Simon beats up Markus Naslund at 11:39 of 3rd period
Finance
Level 1 -- Attendance: 4301 (71,68%) -- Ticket Income 425 799 $
Level 2 -- Attendance: 4179 (83,58%) -- Ticket Income 246 561 $
Level 3 -- Attendance: 1933 (96,65%) -- Ticket Income 61 856 $
Level 4 -- Attendance: 3435 (85,88%) -- Ticket Income 68 700 $
Luxury Box -- Attendance: 698 (69,80%) -- Ticket Income 139 600 $
Game was played at the Wildcat center
Total Attendance: 14546 (80,81%)
Total Ticket Income: 942 516 $
Total Income: 942 516 $
Sabres
5 vs 5 Forward
Center Left Wing Right Wing Time % Phy DF OF
1 Brendan Morrison Martin Sonnenberg Daniel Briere 32 1 2 2
2 Mats Sundin Markus Naslund Daniel Cleary 32 2 1 2
3 Paul Gaustad Andreas Johansson Niclas Bergfors 20 1 3 1
4 Boyd Devereaux Ladislav Nagy Niklas Sundstrom 16 0 3 2
5 vs 5 Defense
Defense Defense Time % Phy DF OF
1 Ole-Kristian Tollefsen Michal Rozsival 40 1 3 1
2 Dave Tanabe Niclas Havelid 36 1 3 1
3 Ladislav Smid Mattias Timander 24 1 3 1
4 Ladislav Smid Mattias Timander 0 0 5 0
PowerPlay Forward
Center Left Wing Right Wing Time % Phy DF OF
1 Brendan Morrison Markus Naslund Niclas Bergfors 50 0 1 4
2 Paul Gaustad Andreas Johansson Mats Sundin 50 2 1 2
PowerPlay Defense
Defense Defense Time % Phy DF OF
1 Daniel Briere Niclas Havelid 50 0 2 3
2 Dave Tanabe Michal Rozsival 50 0 2 3
Penalty Kill 4 Players Forward
Center Wing Time % Phy DF OF
1 Boyd Devereaux Niklas Sundstrom 60 0 4 1
2 Paul Gaustad Daniel Cleary 40 2 2 1
Penalty Kill 4 Players Defense
Defense Defense Time % Phy DF OF
1 Ole-Kristian Tollefsen Mattias Timander 60 1 4 0
2 Ladislav Smid Michal Rozsival 40 1 4 0
Penalty Kill - 3 Players Forward
Forward Time % Phy DF OF
1 Boyd Devereaux 60 0 5 0
2 Paul Gaustad 40 0 5 0
Penalty Kill - 3 Players Defense
Defense Defense Time % Phy DF OF
1 Ole-Kristian Tollefsen Mattias Timander 60 1 4 0
2 Ladislav Smid Michal Rozsival 40 1 4 0
4 vs 4 Forward
Center Wing Time % Phy DF OF
1 Mats Sundin Daniel Briere 50 1 2 2
2 Brendan Morrison Markus Naslund 50 1 2 2
4 vs 4 Defense
Defense Defense Time % Phy DF OF
1 Dave Tanabe Niclas Havelid 50 1 3 1
2 Ole-Kristian Tollefsen Michal Rozsival 50 1 3 1
Last Minutes Offensive
Center Left Wing Right Wing Defense Defense
Brendan Morrison Markus Naslund Mats Sundin Daniel Briere Michal Rozsival
Last Minutes Defensive
Center Left Wing Right Wing Defense Defense
Paul Gaustad Markus Naslund Daniel Cleary Ole-Kristian Tollefsen Michal Rozsival
Goaltenders
Starting : Niklas Backstrom
Backup : Scott Clemmensen
Extra Forwards
Normal : Mats Sundin, Daniel Briere, Brendan Morrison - PP : Ladislav Nagy, Martin Sonnenberg - PK : Markus Naslund
Extra Defensemen
Normal : Michal Rozsival, Dave Tanabe, Ole-Kristian Tollefsen - PP : Ole-Kristian Tollefsen - PK : Dave Tanabe, Niclas Havelid
Penalty Shots
Daniel Briere, Markus Naslund, Mats Sundin, Ladislav Nagy, Niclas Bergfors
Predators
5 vs 5 Forward
Center Left Wing Right Wing Time % Phy DF OF
1 Joe Thornton Alexander Ovechkin Jean-Pierre Dumont 40 1 2 2
2 Mike Ribeiro Chris Simon Mikael Samuelsson 30 1 2 2
3 Mike Sillinger Oleg Saprykin Mariusz Czerkawski 20 1 2 2
4 Todd White Antti Laaksonen Richard Park 10 1 2 2
5 vs 5 Defense
Defense Defense Time % Phy DF OF
1 Adrian Aucoin Robyn Regehr 40 1 2 2
2 Kent Huskins Barret Jackman 30 1 2 2
3 Paul Mara Jeff Schultz 20 1 2 2
4 Adrian Aucoin Robyn Regehr 10 1 2 2
PowerPlay Forward
Center Left Wing Right Wing Time % Phy DF OF
1 Joe Thornton Alexander Ovechkin Jean-Pierre Dumont 60 1 2 2
2 Mike Ribeiro Chris Simon Mikael Samuelsson 40 1 2 2
PowerPlay Defense
Defense Defense Time % Phy DF OF
1 Adrian Aucoin Robyn Regehr 60 1 2 2
2 Kent Huskins Barret Jackman 40 1 2 2
Penalty Kill 4 Players Forward
Center Wing Time % Phy DF OF
1 Alexander Ovechkin Joe Thornton 60 1 2 2
2 Mike Ribeiro Jean-Pierre Dumont 40 1 2 2
Penalty Kill 4 Players Defense
Defense Defense Time % Phy DF OF
1 Adrian Aucoin Robyn Regehr 60 1 2 2
2 Kent Huskins Barret Jackman 40 1 2 2
Penalty Kill - 3 Players Forward
Forward Time % Phy DF OF
1 Alexander Ovechkin 60 1 2 2
2 Joe Thornton 40 1 2 2
Penalty Kill - 3 Players Defense
Defense Defense Time % Phy DF OF
1 Adrian Aucoin Robyn Regehr 60 1 2 2
2 Kent Huskins Barret Jackman 40 1 2 2
4 vs 4 Forward
Center Wing Time % Phy DF OF
1 Alexander Ovechkin Joe Thornton 60 1 2 2
2 Mike Ribeiro Jean-Pierre Dumont 40 1 2 2
4 vs 4 Defense
Defense Defense Time % Phy DF OF
1 Adrian Aucoin Robyn Regehr 60 1 2 2
2 Kent Huskins Barret Jackman 40 1 2 2
Last Minutes Offensive
Center Left Wing Right Wing Defense Defense
Joe Thornton Alexander Ovechkin Jean-Pierre Dumont Adrian Aucoin Robyn Regehr
Last Minutes Defensive
Center Left Wing Right Wing Defense Defense
Joe Thornton Alexander Ovechkin Jean-Pierre Dumont Adrian Aucoin Robyn Regehr
Goaltenders
Starting : Rick DiPietro
Backup : Nikolai Khabibulin
Extra Forwards
Normal : Mike Sillinger, Oleg Saprykin, Todd White - PP : Mike Sillinger, Oleg Saprykin - PK : Todd White
Extra Defensemen
Normal : Paul Mara, Jeff Schultz, Kent Huskins - PP : Paul Mara - PK : Jeff Schultz, Kent Huskins
Penalty Shots
Alexander Ovechkin, Joe Thornton, Mike Ribeiro, Jean-Pierre Dumont, Chris Simon
% Time on Ice - Sabres
Lines # - Real PCT - Wanted PCT - Time Play
Normal Forward
1 - 31% - 32% - 12:32
2 - 32% - 32% - 12:52
3 - 19% - 20% - 7:41
4 - 18% - 16% - 7:15
Normal Defense
1 - 40% - 40% - 16:01
2 - 34% - 36% - 13:54
3 - 26% - 24% - 10:25
4 - 0% - 0% - 0:00
PP Forward
1 - 50% - 50% - 5:47
2 - 50% - 50% - 5:41
PP Defense
1 - 53% - 50% - 6:03
2 - 47% - 50% - 5:25
PK Forward
1 - 66% - 60% - 4:08
2 - 34% - 40% - 2:05
PK Defense
1 - 67% - 60% - 4:09
2 - 33% - 40% - 2:04
PK3 Forward
1 - 0% - 60%
2 - 0% - 40%
PK3 Defense
1 - 0% - 60%
2 - 0% - 40%
44 Forward
1 - 56% - 50% - 1:07
2 - 44% - 50% - 0:52
44 Defense
1 - 74% - 50% - 1:28
2 - 26% - 50% - 0:31
Last Minute Offensive - 0:00
Last Minute Defensive - 0:00
Total
Forward - 60:00
Defense - 60:00
|
% Time on Ice - Predators
Lines # - Real PCT - Wanted PCT - Time Play
Normal Forward
1 - 36% - 40% - 14:37
2 - 27% - 30% - 10:51
3 - 21% - 20% - 8:25
4 - 16% - 10% - 6:27
Normal Defense
1 - 43% - 40% - 17:27
2 - 32% - 30% - 13:01
3 - 24% - 20% - 9:52
4 - 0% - 10% - 0:00
PP Forward
1 - 58% - 60% - 3:36
2 - 42% - 40% - 2:37
PP Defense
1 - 60% - 60% - 3:44
2 - 40% - 40% - 2:29
PK Forward
1 - 81% - 60% - 9:17
2 - 19% - 40% - 2:11
PK Defense
1 - 56% - 60% - 6:24
2 - 44% - 40% - 5:04
PK3 Forward
1 - 0% - 60%
2 - 0% - 40%
PK3 Defense
1 - 0% - 60%
2 - 0% - 40%
44 Forward
1 - 71% - 60% - 1:25
2 - 29% - 40% - 0:34
44 Defense
1 - 53% - 60% - 1:03
2 - 47% - 40% - 0:56
Last Minute Offensive - 0:00
Last Minute Defensive - 0:00
Total
Forward - 60:00
Defense - 60:00
|
Play by Play
1st period
0:01 of 1st period - Joe Thornton wins face-off versus Brendan Morrison in neutral zone.
0:22 of 1st period - Martin Sonnenberg is hit by Jean-Pierre Dumont and loses puck.
1:36 of 1st period - Minor Penalty to Markus Naslund for Hooking.
1:37 of 1st period - Joe Thornton wins face-off versus Boyd Devereaux in Sabres zone.
1:44 of 1st period - Snap shot by Joe Thornton.
1:44 of 1st period - Deflect By Alexander Ovechkin.
1:44 of 1st period - Stopped by Niklas Backstrom without a rebound.
1:45 of 1st period - Joe Thornton wins face-off versus Boyd Devereaux in Sabres zone.
1:50 of 1st period - Snap shot by Joe Thornton.
1:50 of 1st period - Stopped by Niklas Backstrom without a rebound.
1:51 of 1st period - Boyd Devereaux wins face-off versus Joe Thornton in Sabres zone.
2:20 of 1st period - Mattias Timander is hit by Adrian Aucoin and loses puck.
2:25 of 1st period - Slapshot by Alexander Ovechkin.
2:25 of 1st period - Stopped by Niklas Backstrom without a rebound.
2:26 of 1st period - Mike Ribeiro wins face-off versus Boyd Devereaux in Sabres zone.
3:36 of 1st period - Penalty to Markus Naslund is over, Markus Naslund is back on ice.
4:06 of 1st period - Off-side.
4:07 of 1st period - Todd White wins face-off versus Mats Sundin in neutral zone.
4:33 of 1st period - Icing by Martin Sonnenberg.
4:34 of 1st period - Joe Thornton wins face-off versus Martin Sonnenberg in Sabres zone.
5:03 of 1st period - Wrist shot by Daniel Briere.
5:03 of 1st period - Shot Misses the Net.
5:07 of 1st period - Wrist shot by Daniel Briere.
5:07 of 1st period - Stopped by Rick DiPietro with a rebound.
5:59 of 1st period - Snap shot by Brendan Morrison.
5:59 of 1st period - Shot Misses the Net.
6:01 of 1st period - Slapshot by Ladislav Smid.
6:01 of 1st period - Stopped by Rick DiPietro without a rebound.
6:02 of 1st period - Mike Ribeiro wins face-off versus Mats Sundin in Predators zone.
6:02 of 1st period - Mike Ribeiro is hit by Michal Rozsival.
6:35 of 1st period - Slapshot by Michal Rozsival.
6:35 of 1st period - Stopped by Rick DiPietro with a rebound.
6:54 of 1st period - Minor Penalty to Dave Tanabe for Holding Stick.
6:55 of 1st period - Mike Ribeiro wins face-off versus Boyd Devereaux in Sabres zone.
7:38 of 1st period - Kent Huskins is hit by Niklas Sundstrom and loses puck.
8:40 of 1st period - Daniel Cleary is hit by Oleg Saprykin and loses puck.
8:54 of 1st period - Penalty to Dave Tanabe is over, Dave Tanabe is back on ice.
9:09 of 1st period - Slapshot by Brendan Morrison.
9:09 of 1st period - Shot Misses the Net.
9:11 of 1st period - Slapshot by Niclas Havelid.
9:11 of 1st period - Shot Misses the Net.
9:43 of 1st period - Wrist shot by Andreas Johansson.
9:43 of 1st period - Shot Misses the Net.
9:59 of 1st period - Snap shot by Niklas Sundstrom.
9:59 of 1st period - Deflect By Mike Sillinger.
9:59 of 1st period - Shot Misses the Net.
9:59 of 1st period - Puck is out of play.
10:00 of 1st period - Chris Simon wins face-off versus Boyd Devereaux in Predators zone.
10:27 of 1st period - Robyn Regehr is hit by Ole-Kristian Tollefsen and loses puck.
10:38 of 1st period - Ladislav Smid is hit by Jean-Pierre Dumont and loses puck.
10:51 of 1st period - Jeff Schultz is hit by Paul Gaustad and loses puck.
10:59 of 1st period - Off-side.
11:00 of 1st period - Boyd Devereaux wins face-off versus Mike Ribeiro in neutral zone.
11:06 of 1st period - Slapshot by Niclas Havelid.
11:06 of 1st period - Shot Misses the Net.
11:08 of 1st period - Snap shot by Boyd Devereaux.
11:08 of 1st period - Shot Misses the Net.
11:10 of 1st period - Wrist shot by Niklas Sundstrom.
11:10 of 1st period - Stopped by Rick DiPietro without a rebound.
11:11 of 1st period - Mats Sundin wins face-off versus Mike Ribeiro in Predators zone.
11:12 of 1st period - Slapshot by Markus Naslund.
11:12 of 1st period - Shot Misses the Net.
11:19 of 1st period - Adrian Aucoin is hit by Ole-Kristian Tollefsen and loses puck.
11:36 of 1st period - Joe Thornton is hit by Paul Gaustad and loses puck.
12:05 of 1st period - Wrist shot by Oleg Saprykin.
12:05 of 1st period - Shot Misses the Net.
12:09 of 1st period - Snap shot by Mike Sillinger.
12:09 of 1st period - Shot Misses the Net.
12:36 of 1st period - Minor Penalty to Chris Simon for Slashing.
12:37 of 1st period - Paul Gaustad wins face-off versus Alexander Ovechkin in Predators zone.
12:38 of 1st period - Wrist shot by Mats Sundin.
12:38 of 1st period - Shot Misses the Net.
12:40 of 1st period - Snap shot by Paul Gaustad.
12:40 of 1st period - Shot Misses the Net.
12:42 of 1st period - Snap shot by Paul Gaustad.
12:42 of 1st period - Shot Misses the Net.
12:44 of 1st period - Slapshot by Michal Rozsival.
12:44 of 1st period - Deflect By Paul Gaustad.
12:44 of 1st period - Stopped by Rick DiPietro with a rebound.
12:46 of 1st period - Slapshot by Dave Tanabe.
12:46 of 1st period - Shot Blocked by Barret Jackman.
13:08 of 1st period - Joe Thornton is hit by Brendan Morrison and loses puck.
14:36 of 1st period - Penalty to Chris Simon is over, Chris Simon is back on ice.
14:47 of 1st period - Wrist shot by Oleg Saprykin.
14:47 of 1st period - Deflect By Mike Sillinger.
14:47 of 1st period - Stopped by Niklas Backstrom with a rebound.
15:02 of 1st period - Icing by Michal Rozsival.
15:03 of 1st period - Mike Ribeiro wins face-off versus Boyd Devereaux in Sabres zone.
15:31 of 1st period - Slapshot by Joe Thornton.
15:31 of 1st period - Deflect By Alexander Ovechkin.
15:31 of 1st period - Shot Blocked by Mats Sundin.
15:31 of 1st period - Puck is out of play.
15:32 of 1st period - Joe Thornton wins face-off versus Paul Gaustad in Sabres zone.
16:00 of 1st period - Jeff Schultz is hit by Niclas Havelid.
16:12 of 1st period - Off-side.
16:13 of 1st period - Mike Sillinger wins face-off versus Mats Sundin in neutral zone.
16:25 of 1st period - Minor Penalty to Oleg Saprykin for Elbowing.
16:26 of 1st period - Alexander Ovechkin wins face-off versus Brendan Morrison in Predators zone.
17:02 of 1st period - Icing by Daniel Briere.
17:03 of 1st period - Paul Gaustad wins face-off versus Alexander Ovechkin in Sabres zone.
17:14 of 1st period - Slapshot by Mats Sundin.
17:14 of 1st period - Shot Blocked by Alexander Ovechkin.
17:28 of 1st period - Slapshot by Paul Gaustad.
17:28 of 1st period - Goal by Paul Gaustad - Sabres : 1 - Predators : 0.
17:29 of 1st period - Joe Thornton wins face-off versus Mats Sundin in neutral zone.
17:35 of 1st period - Minor Penalty to Jean-Pierre Dumont for Slashing.
17:36 of 1st period - Brendan Morrison wins face-off versus Alexander Ovechkin in Predators zone.
17:39 of 1st period - Wrist shot by Brendan Morrison.
17:39 of 1st period - Shot Blocked by Alexander Ovechkin.
17:41 of 1st period - Slapshot by Niclas Bergfors.
17:41 of 1st period - Stopped by Rick DiPietro without a rebound.
17:42 of 1st period - Brendan Morrison wins face-off versus Alexander Ovechkin in Predators zone.
19:35 of 1st period - Penalty to Jean-Pierre Dumont is over, Jean-Pierre Dumont is back on ice.
19:43 of 1st period - Wrist shot by Alexander Ovechkin.
19:43 of 1st period - Stopped by Niklas Backstrom with a rebound.
19:46 of 1st period - Icing by Daniel Briere.
19:47 of 1st period - Boyd Devereaux wins face-off versus Mike Sillinger in Sabres zone.
2nd period
0:01 of 2nd period - Mats Sundin wins face-off versus Joe Thornton in neutral zone.
0:06 of 2nd period - Snap shot by Markus Naslund.
0:06 of 2nd period - Shot Blocked by Adrian Aucoin.
0:27 of 2nd period - Michal Rozsival is hit by Chris Simon and loses puck.
0:50 of 2nd period - Slapshot by Daniel Briere.
0:50 of 2nd period - Shot Blocked by Kent Huskins.
1:12 of 2nd period - Wrist shot by Niklas Sundstrom.
1:12 of 2nd period - Stopped by Rick DiPietro without a rebound.
1:13 of 2nd period - Boyd Devereaux wins face-off versus Joe Thornton in Predators zone.
1:18 of 2nd period - Snap shot by Niklas Sundstrom.
1:18 of 2nd period - Stopped by Rick DiPietro without a rebound.
1:19 of 2nd period - Mats Sundin wins face-off versus Joe Thornton in Predators zone.
1:22 of 2nd period - Snap shot by Daniel Cleary.
1:22 of 2nd period - Goal by Daniel Cleary - Sabres : 2 - Predators : 0.
1:23 of 2nd period - Joe Thornton wins face-off versus Daniel Cleary in neutral zone.
2:08 of 2nd period - Snap shot by Adrian Aucoin.
2:08 of 2nd period - Stopped by Niklas Backstrom without a rebound.
2:09 of 2nd period - Paul Gaustad wins face-off versus Mike Sillinger in Sabres zone.
2:14 of 2nd period - Wrist shot by Niclas Bergfors.
2:14 of 2nd period - Shot Blocked by Mike Sillinger.
2:22 of 2nd period - Andreas Johansson is hit by Mariusz Czerkawski and loses puck.
2:55 of 2nd period - Snap shot by Ladislav Nagy.
2:55 of 2nd period - Stopped by Rick DiPietro with a rebound.
2:57 of 2nd period - Wrist shot by Niklas Sundstrom.
2:57 of 2nd period - Stopped by Rick DiPietro with a rebound.
4:45 of 2nd period - Slapshot by Ladislav Nagy.
4:45 of 2nd period - Stopped by Rick DiPietro with a rebound.
4:57 of 2nd period - Wrist shot by Mikael Samuelsson.
4:57 of 2nd period - Stopped by Niklas Backstrom with a rebound.
5:14 of 2nd period - Icing by Mattias Timander.
5:15 of 2nd period - Joe Thornton wins face-off versus Mats Sundin in Sabres zone.
5:18 of 2nd period - Wrist shot by Joe Thornton.
5:18 of 2nd period - Shot Misses the Net.
5:20 of 2nd period - Wrist shot by Jean-Pierre Dumont.
5:20 of 2nd period - Shot Misses the Net.
5:22 of 2nd period - Slapshot by Paul Mara.
5:22 of 2nd period - Stopped by Niklas Backstrom without a rebound.
5:23 of 2nd period - Mats Sundin wins face-off versus Jean-Pierre Dumont in Sabres zone.
5:32 of 2nd period - Snap shot by Michal Rozsival.
5:32 of 2nd period - Shot Misses the Net.
5:34 of 2nd period - Snap shot by Mats Sundin.
5:34 of 2nd period - Shot Blocked by Jeff Schultz.
5:48 of 2nd period - Michal Rozsival is hit by Paul Mara and loses puck.
5:56 of 2nd period - Minor Penalty to Daniel Briere for Hooking.
5:57 of 2nd period - Boyd Devereaux wins face-off versus Joe Thornton in Sabres zone.
7:56 of 2nd period - Penalty to Daniel Briere is over, Daniel Briere is back on ice.
8:26 of 2nd period - Adrian Aucoin is hit by Niclas Bergfors and loses puck.
8:58 of 2nd period - Minor Penalty to Joe Thornton for Roughing.
8:59 of 2nd period - Alexander Ovechkin wins face-off versus Brendan Morrison in Predators zone.
9:12 of 2nd period - Slapshot by Michal Rozsival.
9:12 of 2nd period - Deflect By Alexander Ovechkin.
9:12 of 2nd period - Stopped by Rick DiPietro without a rebound.
9:13 of 2nd period - Alexander Ovechkin wins face-off versus Paul Gaustad in Predators zone.
9:40 of 2nd period - Michal Rozsival is hit by Antti Laaksonen and loses puck.
10:58 of 2nd period - Penalty to Joe Thornton is over, Joe Thornton is back on ice.
11:28 of 2nd period - Mats Sundin is hit by Mikael Samuelsson and loses puck.
11:45 of 2nd period - Wrist shot by Joe Thornton.
11:45 of 2nd period - Shot Misses the Net.
11:47 of 2nd period - Slapshot by Jeff Schultz.
11:47 of 2nd period - Stopped by Niklas Backstrom without a rebound.
11:48 of 2nd period - Boyd Devereaux wins face-off versus Joe Thornton in Sabres zone.
12:06 of 2nd period - Snap shot by Mikael Samuelsson.
12:06 of 2nd period - Shot Blocked by Andreas Johansson.
12:25 of 2nd period - Wrist shot by Mike Sillinger.
12:25 of 2nd period - Deflect By Mariusz Czerkawski.
12:25 of 2nd period - Stopped by Niklas Backstrom without a rebound.
12:26 of 2nd period - Mike Sillinger wins face-off versus Brendan Morrison in Sabres zone.
12:31 of 2nd period - Slapshot by Mike Sillinger.
12:31 of 2nd period - Stopped by Niklas Backstrom with a rebound.
12:33 of 2nd period - Slapshot by Robyn Regehr.
12:33 of 2nd period - Stopped by Niklas Backstrom with a rebound.
12:35 of 2nd period - Wrist shot by Mariusz Czerkawski.
12:35 of 2nd period - Stopped by Niklas Backstrom with a rebound.
12:37 of 2nd period - Snap shot by Mariusz Czerkawski.
12:37 of 2nd period - Stopped by Niklas Backstrom without a rebound.
12:38 of 2nd period - Joe Thornton wins face-off versus Mats Sundin in Sabres zone.
12:43 of 2nd period - Slapshot by Joe Thornton.
12:43 of 2nd period - Shot Blocked by Ole-Kristian Tollefsen.
13:05 of 2nd period - Mike Ribeiro is hit by Brendan Morrison and loses puck.
13:26 of 2nd period - Slapshot by Michal Rozsival.
13:26 of 2nd period - Shot Blocked by Barret Jackman.
13:28 of 2nd period - Snap shot by Boyd Devereaux.
13:28 of 2nd period - Shot Misses the Net.
13:30 of 2nd period - Wrist shot by Ole-Kristian Tollefsen.
13:30 of 2nd period - Stopped by Rick DiPietro with a rebound.
13:34 of 2nd period - Snap shot by Niklas Sundstrom.
13:34 of 2nd period - Stopped by Rick DiPietro without a rebound.
13:35 of 2nd period - Joe Thornton wins face-off versus Mats Sundin in Predators zone.
13:35 of 2nd period - Joe Thornton is hit by Markus Naslund.
13:49 of 2nd period - Snap shot by Alexander Ovechkin.
13:49 of 2nd period - Shot Blocked by Mats Sundin.
14:34 of 2nd period - Wrist shot by Paul Gaustad.
14:34 of 2nd period - Shot Blocked by Mike Sillinger.
14:36 of 2nd period - Snap shot by Paul Gaustad.
14:36 of 2nd period - Shot Misses the Net.
14:51 of 2nd period - Minor Penalty to Barret Jackman for Hooking.
14:51 of 2nd period - Minor Penalty to Ladislav Nagy for Tripping.
14:52 of 2nd period - Alexander Ovechkin wins face-off versus Mats Sundin in Predators zone.
16:06 of 2nd period - Slapshot by Adrian Aucoin.
16:06 of 2nd period - Stopped by Niklas Backstrom without a rebound.
16:07 of 2nd period - Mike Sillinger wins face-off versus Brendan Morrison in Sabres zone.
16:44 of 2nd period - Slapshot by Kent Huskins.
16:44 of 2nd period - Stopped by Niklas Backstrom with a rebound.
16:46 of 2nd period - Snap shot by Mike Ribeiro.
16:46 of 2nd period - Shot Hit the Post.
16:50 of 2nd period - Wrist shot by Jean-Pierre Dumont.
16:50 of 2nd period - Shot Misses the Net.
16:51 of 2nd period - Penalty to Barret Jackman is over, Barret Jackman is back on ice.
16:51 of 2nd period - Penalty to Ladislav Nagy is over, Ladislav Nagy is back on ice.
16:52 of 2nd period - Slapshot by Kent Huskins.
16:52 of 2nd period - Deflect By Daniel Briere.
16:52 of 2nd period - Goal by Kent Huskins - Sabres : 2 - Predators : 1.
16:53 of 2nd period - Joe Thornton wins face-off versus Mats Sundin in neutral zone.
16:56 of 2nd period - Snap shot by Alexander Ovechkin.
16:56 of 2nd period - Shot Misses the Net.
17:51 of 2nd period - Wrist shot by Oleg Saprykin.
17:51 of 2nd period - Stopped by Niklas Backstrom with a rebound.
18:01 of 2nd period - Kent Huskins is hit by Dave Tanabe and loses puck.
18:27 of 2nd period - Minor Penalty to Jeff Schultz for Cross-checking.
18:28 of 2nd period - Alexander Ovechkin wins face-off versus Brendan Morrison in Predators zone.
18:28 of 2nd period - Alexander Ovechkin is hit by Brendan Morrison.
18:35 of 2nd period - Icing by Markus Naslund.
18:36 of 2nd period - Niclas Bergfors wins face-off versus Alexander Ovechkin in Sabres zone.
18:41 of 2nd period - Backhand shot by Dave Tanabe.
18:41 of 2nd period - Deflect By Niclas Bergfors.
18:41 of 2nd period - Stopped by Rick DiPietro without a rebound.
18:42 of 2nd period - Paul Gaustad wins face-off versus Alexander Ovechkin in Predators zone.
18:47 of 2nd period - Snap shot by Paul Gaustad.
18:47 of 2nd period - Deflect By Mats Sundin.
18:47 of 2nd period - Shot Misses the Net.
18:47 of 2nd period - Puck is out of play.
18:48 of 2nd period - Alexander Ovechkin wins face-off versus Paul Gaustad in Predators zone.
18:57 of 2nd period - Snap shot by Paul Gaustad.
18:57 of 2nd period - Goal by Paul Gaustad - Sabres : 3 - Predators : 1.
18:58 of 2nd period - Mats Sundin wins face-off versus Joe Thornton in neutral zone.
19:01 of 2nd period - Joe Thornton is hit by Markus Naslund and loses puck.
19:02 of 2nd period - Joe Thornton from Predators is injured at 19:02 of 2nd period (Right Hip).
19:03 of 2nd period - Mike Sillinger wins face-off versus Mats Sundin in Predators zone.
19:16 of 2nd period - Snap shot by Alexander Ovechkin.
19:16 of 2nd period - Shot Misses the Net.
19:38 of 2nd period - Snap shot by Markus Naslund.
19:38 of 2nd period - Stopped by Rick DiPietro without a rebound.
19:39 of 2nd period - Mike Ribeiro wins face-off versus Brendan Morrison in Predators zone.
19:39 of 2nd period - Mike Ribeiro is hit by Brendan Morrison.
19:48 of 2nd period - Kent Huskins is hit by Ole-Kristian Tollefsen and loses puck.
19:51 of 2nd period - Slapshot by Kent Huskins.
19:51 of 2nd period - Stopped by Niklas Backstrom without a rebound.
19:52 of 2nd period - Mike Sillinger wins face-off versus Brendan Morrison in Sabres zone.
19:58 of 2nd period - Minor Penalty to Mike Sillinger for Hooking.
19:59 of 2nd period - Brendan Morrison wins face-off versus Alexander Ovechkin in Predators zone.
3rd period
0:01 of 3rd period - Brendan Morrison wins face-off versus Alexander Ovechkin in neutral zone.
0:16 of 3rd period - Wrist shot by Niclas Bergfors.
0:16 of 3rd period - Stopped by Rick DiPietro without a rebound.
0:17 of 3rd period - Alexander Ovechkin wins face-off versus Paul Gaustad in Predators zone.
0:36 of 3rd period - Paul Gaustad is hit by Alexander Ovechkin and loses puck.
0:53 of 3rd period - Slapshot by Niclas Havelid.
0:53 of 3rd period - Shot Blocked by Kent Huskins.
1:58 of 3rd period - Penalty to Mike Sillinger is over, Mike Sillinger is back on ice.
2:14 of 3rd period - Wrist shot by Ladislav Nagy.
2:14 of 3rd period - Shot Blocked by Oleg Saprykin.
2:16 of 3rd period - Slapshot by Daniel Briere.
2:16 of 3rd period - Stopped by Rick DiPietro with a rebound.
2:44 of 3rd period - Off-side.
2:45 of 3rd period - Brendan Morrison wins face-off versus Todd White in neutral zone.
3:12 of 3rd period - Wrist shot by Alexander Ovechkin.
3:12 of 3rd period - Stopped by Niklas Backstrom with a rebound.
3:22 of 3rd period - Slapshot by Brendan Morrison.
3:22 of 3rd period - Shot Misses the Net.
3:24 of 3rd period - Snap shot by Mattias Timander.
3:24 of 3rd period - Stopped by Rick DiPietro with a rebound.
3:26 of 3rd period - Snap shot by Daniel Cleary.
3:26 of 3rd period - Goal by Daniel Cleary - Sabres : 4 - Predators : 1.
3:27 of 3rd period - Paul Gaustad wins face-off versus Mike Sillinger in neutral zone.
4:34 of 3rd period - Snap shot by Niclas Havelid.
4:34 of 3rd period - Shot Misses the Net.
5:04 of 3rd period - Mats Sundin is hit by Oleg Saprykin and loses puck.
5:25 of 3rd period - Snap shot by Niklas Sundstrom.
5:25 of 3rd period - Deflect By Todd White.
5:25 of 3rd period - Shot Misses the Net.
5:25 of 3rd period - Puck is out of play.
5:26 of 3rd period - Mats Sundin wins face-off versus Mike Sillinger in Predators zone.
5:51 of 3rd period - Mike Ribeiro is hit by Michal Rozsival and loses puck.
6:18 of 3rd period - Andreas Johansson is hit by Antti Laaksonen and loses puck.
6:51 of 3rd period - Jean-Pierre Dumont is hit by Daniel Briere and loses puck.
7:13 of 3rd period - Wrist shot by Mike Ribeiro.
7:13 of 3rd period - Stopped by Niklas Backstrom with a rebound.
7:15 of 3rd period - Slapshot by Paul Mara.
7:15 of 3rd period - Shot Misses the Net.
7:17 of 3rd period - Wrist shot by Mike Ribeiro.
7:17 of 3rd period - Shot Misses the Net.
7:37 of 3rd period - Wrist shot by Todd White.
7:37 of 3rd period - Shot Misses the Net.
9:16 of 3rd period - Robyn Regehr is hit by Martin Sonnenberg and loses puck.
9:23 of 3rd period - Slapshot by Daniel Briere.
9:23 of 3rd period - Stopped by Rick DiPietro with a rebound.
10:08 of 3rd period - Off-side.
10:09 of 3rd period - Paul Gaustad wins face-off versus Mike Sillinger in neutral zone.
10:34 of 3rd period - Jean-Pierre Dumont is hit by Daniel Cleary and loses puck.
10:55 of 3rd period - Wrist shot by Brendan Morrison.
10:55 of 3rd period - Stopped by Rick DiPietro with a rebound.
10:57 of 3rd period - Wrist shot by Daniel Briere.
10:57 of 3rd period - Stopped by Rick DiPietro with a rebound.
10:59 of 3rd period - Snap shot by Daniel Briere.
10:59 of 3rd period - Goal by Daniel Briere - Sabres : 5 - Predators : 1.
11:00 of 3rd period - Mike Sillinger wins face-off versus Mats Sundin in neutral zone.
11:13 of 3rd period - Snap shot by Jean-Pierre Dumont.
11:13 of 3rd period - Shot Misses the Net.
11:15 of 3rd period - Snap shot by Robyn Regehr.
11:15 of 3rd period - Shot Blocked by Niclas Havelid.
11:17 of 3rd period - Slapshot by Jean-Pierre Dumont.
11:17 of 3rd period - Stopped by Niklas Backstrom with a rebound.
11:24 of 3rd period - Icing by Niclas Havelid.
11:25 of 3rd period - Mike Ribeiro wins face-off versus Markus Naslund in Sabres zone.
11:39 of 3rd period - Chris Simon beats up Markus Naslund.
11:39 of 3rd period - Penalty to Chris Simon for Fighting.
11:39 of 3rd period - Penalty to Markus Naslund for Fighting.
11:40 of 3rd period - Mats Sundin wins face-off versus Alexander Ovechkin in Predators zone.
11:41 of 3rd period - Snap shot by Daniel Cleary.
11:41 of 3rd period - Stopped by Rick DiPietro with a rebound.
12:15 of 3rd period - Minor Penalty to Mikael Samuelsson for Hooking.
12:16 of 3rd period - Brendan Morrison wins face-off versus Alexander Ovechkin in Predators zone.
12:21 of 3rd period - Snap shot by Daniel Briere.
12:21 of 3rd period - Shot Misses the Net.
12:50 of 3rd period - Off-side.
12:51 of 3rd period - Alexander Ovechkin wins face-off versus Paul Gaustad in neutral zone.
14:15 of 3rd period - Penalty to Mikael Samuelsson is over, Mikael Samuelsson is back on ice.
14:34 of 3rd period - Boyd Devereaux is hit by Mariusz Czerkawski and loses puck.
14:45 of 3rd period - Paul Mara is hit by Mats Sundin and loses puck.
15:18 of 3rd period - Icing by Jeff Schultz.
15:19 of 3rd period - Boyd Devereaux wins face-off versus Todd White in Predators zone.
15:20 of 3rd period - Snap shot by Ladislav Nagy.
15:20 of 3rd period - Stopped by Rick DiPietro without a rebound.
15:21 of 3rd period - Niclas Bergfors wins face-off versus Mike Ribeiro in Predators zone.
15:32 of 3rd period - Slapshot by Kent Huskins.
15:32 of 3rd period - Stopped by Niklas Backstrom without a rebound.
15:33 of 3rd period - Mike Sillinger wins face-off versus Brendan Morrison in Sabres zone.
15:34 of 3rd period - Slapshot by Alexander Ovechkin.
15:34 of 3rd period - Stopped by Niklas Backstrom without a rebound.
15:35 of 3rd period - Mike Sillinger wins face-off versus Brendan Morrison in Sabres zone.
16:03 of 3rd period - Off-side.
16:04 of 3rd period - Mike Ribeiro wins face-off versus Mats Sundin in neutral zone.
16:53 of 3rd period - Off-side.
16:54 of 3rd period - Richard Park wins face-off versus Brendan Morrison in neutral zone.
17:03 of 3rd period - Snap shot by Adrian Aucoin.
17:03 of 3rd period - Shot Misses the Net.
17:05 of 3rd period - Wrist shot by Todd White.
17:05 of 3rd period - Stopped by Niklas Backstrom without a rebound.
17:06 of 3rd period - Alexander Ovechkin wins face-off versus Daniel Briere in Sabres zone.
17:11 of 3rd period - Slapshot by Jean-Pierre Dumont.
17:11 of 3rd period - Shot Misses the Net.
17:37 of 3rd period - Wrist shot by Mike Ribeiro.
17:37 of 3rd period - Shot Misses the Net.
17:39 of 3rd period - Wrist shot by Mikael Samuelsson.
17:39 of 3rd period - Stopped by Niklas Backstrom with a rebound.
17:41 of 3rd period - Snap shot by Mikael Samuelsson.
17:41 of 3rd period - Stopped by Niklas Backstrom without a rebound.
17:42 of 3rd period - Mike Sillinger wins face-off versus Markus Naslund in Sabres zone.
18:17 of 3rd period - Snap shot by Brendan Morrison.
18:17 of 3rd period - Stopped by Rick DiPietro with a rebound.
18:51 of 3rd period - Snap shot by Alexander Ovechkin.
18:51 of 3rd period - Stopped by Niklas Backstrom with a rebound.
18:53 of 3rd period - Snap shot by Mike Sillinger.
18:53 of 3rd period - Stopped by Niklas Backstrom without a rebound.
18:54 of 3rd period - Brendan Morrison wins face-off versus Mike Sillinger in Sabres zone.
19:19 of 3rd period - Adrian Aucoin is hit by Mats Sundin and loses puck.
19:43 of 3rd period - Minor Penalty to Niclas Bergfors for Tripping.
19:44 of 3rd period - Mike Sillinger wins face-off versus Boyd Devereaux in Sabres zone.
Output by the SimonT Hockey Simulator (STHS) for François Prévost -- Original Page W3C XHTML 1.0 Valid